MLB
ARIZONA DIAMONDBACKS @ LOS ANGELES DODGERS
08/30/2018
 
TOP OF THE 1ST
Arizona Diamondbacks batting - Pitching for Los Angeles Dodgers : RHP Sonny Gray
Pitching: RHP Sonny Gray
Batting: LHB Tyler Wade 0-0: Called Strike
0-1: DOUBLE (Flyball, 8LXD)
Batting: LHB Raimel Tapia 0-0: Called Strike
0-1: Ball
1-1: Sac Bunt to 25 - play at first, batter OUT! 5-3
Tyler Wade to third
Batting: LHB Josh Reddick 0-0: SINGLE (Groundball, 6MS) (infield hit)
Tyler Wade scores
Batting: RHB Christian Walker 0-0: Ball
1-0: Called Strike
1-1: SINGLE (Line Drive, 7S)
Josh Reddick to second
Batting: LHB Ryan McMahon 0-0: Foul Ball, location: 2F
0-1: Ball
1-1: Foul Ball, location: 2F
Balk!
Josh Reddick to third
Christian Walker to second
1-2: Ball
2-2: Foul Ball, location: 2F
2-2: Ball
3-2: Foul Ball, location: 2F
3-2: Base on Balls
Batting: RHB Tim Beckham 0-0: Ball
1-0: Foul Ball, location: 2F
1-1: SINGLE (Groundball, 56D)
Josh Reddick scores
Christian Walker to third
Ryan McMahon to second
Batting: SHB Francisco Mejia 0-0: Foul Ball, location: 2F
0-1: SINGLE (Line Drive, 4MD)
Christian Walker scores
Ryan McMahon to third
Tim Beckham to second
Runner from 3rd tries for Home, SAFE, throw by CF to home
Batting: RHB Gleyber Torres 0-0: 3-RUN HOME RUN (Flyball, 7D), Distance : 374 ft
Batting: RHB German Marquez 0-0: Swinging Strike
0-1: Called Strike
0-2: Ball
1-2: Ball
2-2: Foul Ball, location: 2F
2-2: Foul Ball, location: 2F
2-2: Foul Ball, location: 2F
2-2: Foul Ball, location: 2F
2-2: Strikes out swinging
Batting: LHB Tyler Wade 0-0: Called Strike
0-1: Swinging Strike
0-2: Foul Ball, location: 2F
0-2: Ball
1-2: Foul Ball, location: 2F
1-2: Ball
2-2: Ground out 4-3 (Groundball, 4)
Top of the 1st over - 7 runs, 6 hits, 0 errors, 0 left on base; Arizona 7 - Los Angeles 0
BOTTOM OF THE 1ST
Los Angeles Dodgers batting - Pitching for Arizona Diamondbacks : RHP German Marquez
Pitching: RHP German Marquez
Batting: RHB Jose Peraza 0-0: SINGLE (Groundball, 56D)
Batting: RHB Mookie Betts 0-0: Ball
Jose Peraza steals 2nd base
1-0: Ball
2-0: Called Strike
2-1: Swinging Strike
2-2: Ball
3-2: Fly out, F7 (Line Drive, 7D)
Batting: RHB Josh Donaldson 0-0: Called Strike
Jose Peraza steals 3rd base
0-1: Ball
1-1: Foul Ball, location: 2F
1-2: Ball
2-2: Foul Ball, location: 2F
2-2: Ball
3-2: Base on Balls
Batting: RHB Randal Grichuk 0-0: Called Strike
0-1: Foul Ball, location: 2F
0-2: Ball
1-2: SINGLE (Groundball, 6) (infield hit)
Jose Peraza scores
Josh Donaldson to second
Pinch Runner at 1st Ichiro Suzuki:
Batting: RHB Evan Gattis 0-0: Called Strike
0-1: SINGLE (Groundball, 56D)
Josh Donaldson to third
Ichiro Suzuki to second
Runner from 3rd tries for Home, throw by LF and OUT! 7-2
Batting: RHB David Freese 0-0: Ball
1-0: Ball
2-0: Foul Ball, location: 2F
2-1: Called Strike
2-2: Foul Ball, location: 2F
2-2: Ball
Wild Pitch!
Ichiro Suzuki to third
Evan Gattis to second
3-2: Strikes out looking
Bottom of the 1st over - 1 run, 3 hits, 0 errors, 2 left on base; Arizona 7 - Los Angeles 1
TOP OF THE 2ND
Arizona Diamondbacks batting - Pitching for Los Angeles Dodgers : RHP Sonny Gray
Now in LF: Ichiro Suzuki
Batting: LHB Raimel Tapia 0-0: Ground out 4-3 (Groundball, 4)
Batting: LHB Josh Reddick 0-0: Ball
1-0: Ball
2-0: Ball
3-0: Called Strike
3-1: Fly out, F2 (Popup, 23F)
Batting: RHB Christian Walker 0-0: Fly out, F7 (Flyball, 7LS)
Top of the 2nd over - 0 runs, 0 hits, 0 errors, 0 left on base; Arizona 7 - Los Angeles 1
BOTTOM OF THE 2ND
Los Angeles Dodgers batting - Pitching for Arizona Diamondbacks : RHP German Marquez
Batting: LHB Franchy Cordero 0-0: Ball
1-0: Ball
2-0: Ball
3-0: Called Strike
3-1: Swinging Strike
3-2: DOUBLE (Line Drive, 7LS)
Batting: SHB Wilmer Difo 0-0: Foul Ball, location: 2F
0-1: Ball
1-1: Called Strike
1-2: Ground out 6-3 (Groundball, 6M)
Franchy Cordero to third
Batting: RHB Sonny Gray 0-0: Called Strike
0-1: Ball
1-1: Called Strike
1-2: Fly out, F9 (Flyball, 9D)
Runner from 3rd tags up, SCORES, no throw by RF
Batting: RHB Jose Peraza 0-0: Called Strike
0-1: Ball
1-1: Fly out, F8 (Line Drive, 89S)
Bottom of the 2nd over - 1 run, 1 hit, 0 errors, 0 left on base; Arizona 7 - Los Angeles 2
TOP OF THE 3RD
Arizona Diamondbacks batting - Pitching for Los Angeles Dodgers : RHP Sonny Gray
Batting: LHB Ryan McMahon 0-0: Ball
1-0: Swinging Strike
1-1: Fly out, F7 (Flyball, 7)
Batting: RHB Tim Beckham 0-0: Foul Ball, location: 2F
0-1: Swinging Strike
0-2: Ball
1-2: Ball
2-2: Ball
3-2: Base on Balls
Batting: SHB Francisco Mejia 0-0: Foul Ball, location: 2F
0-1: Fly out, F7 (Flyball, 7)
Batting: RHB Gleyber Torres 0-0: Reached on error, E2 (Groundball, 2R)
Tim Beckham to third
Batting: RHB German Marquez 0-0: Foul Ball, location: 2F
0-1: Ground out 5-3 (Groundball, 56S)
Top of the 3rd over - 0 runs, 0 hits, 1 error, 2 left on base; Arizona 7 - Los Angeles 2
BOTTOM OF THE 3RD
Los Angeles Dodgers batting - Pitching for Arizona Diamondbacks : RHP German Marquez
Batting: RHB Mookie Betts 0-0: Swinging Strike
0-1: Ball
1-1: Ball
2-1: Ball
3-1: Called Strike
3-2: Ground out 1-3 (Groundball, 34S)
Batting: RHB Josh Donaldson 0-0: Ball
1-0: Ball
2-0: Called Strike
2-1: Swinging Strike
2-2: Ball
3-2: Strikes out looking
Batting: LHB Ichiro Suzuki 0-0: Called Strike
0-1: Swinging Strike
0-2: Ball
1-2: Ball
2-2: Foul Ball, location: 2F
2-2: Strikes out swinging
Bottom of the 3rd over - 0 runs, 0 hits, 0 errors, 0 left on base; Arizona 7 - Los Angeles 2
TOP OF THE 4TH
Arizona Diamondbacks batting - Pitching for Los Angeles Dodgers : RHP Sonny Gray
Batting: LHB Tyler Wade 0-0: Foul Ball, location: 2F
0-1: Ball
1-1: Ball
2-1: Ground out 1-3 (Groundball, 13)
Batting: LHB Raimel Tapia 0-0: Swinging Strike
0-1: Ball
1-1: Called Strike
1-2: Foul Ball, location: 2F
1-2: Foul Ball, location: 2F
1-2: SINGLE (Line Drive, 89S)
Batting: LHB Josh Reddick 0-0: Called Strike
0-1: Ball
1-1: Ball
2-1: Ball
3-1: Called Strike
3-2: Base on Balls
Raimel Tapia to second
Batting: RHB Christian Walker 0-0: Called Strike
Raimel Tapia is caught stealing 3rd base 2-5
0-1: Foul Ball, location: 2F
0-2: Foul Ball, location: 2F
0-2: Ball
1-2: Ball
2-2: Strikes out swinging
Top of the 4th over - 0 runs, 1 hit, 0 errors, 1 left on base; Arizona 7 - Los Angeles 2
BOTTOM OF THE 4TH
Los Angeles Dodgers batting - Pitching for Arizona Diamondbacks : RHP German Marquez
Batting: RHB Evan Gattis 0-0: Foul Ball, location: 2F
0-1: Ball
1-1: Swinging Strike
1-2: Ball
2-2: Foul Ball, location: 2F
2-2: Foul Ball, location: 2F
2-2: Ball
3-2: Foul Ball, location: 2F
3-2: Foul Ball, location: 2F
3-2: Foul Ball, location: 2F
3-2: SINGLE (Line Drive, 56D)
Batting: RHB David Freese 0-0: Foul Ball, location: 2F
0-1: Called Strike
0-2: Ball
1-2: Strikes out swinging
Batting: LHB Franchy Cordero 0-0: Ball
1-0: Fielders Choice at 2nd, 6-4 (Groundball, 6)
Batting: SHB Wilmer Difo 0-0: Foul Ball, location: 2F
0-1: Called Strike
Franchy Cordero steals 2nd base
0-2: Strikes out swinging
Bottom of the 4th over - 0 runs, 1 hit, 0 errors, 1 left on base; Arizona 7 - Los Angeles 2
TOP OF THE 5TH
Arizona Diamondbacks batting - Pitching for Los Angeles Dodgers : RHP Sonny Gray
Batting: LHB Ryan McMahon 0-0: Foul Ball, location: 2F
0-1: SOLO HOME RUN (Flyball, 7LD), Distance : 357 ft
Batting: RHB Tim Beckham 0-0: Ball
1-0: Ball
2-0: Called Strike
2-1: Ground out 1-3 (Groundball, 15S)
Batting: SHB Francisco Mejia 0-0: Called Strike
0-1: Ball
1-1: Foul Ball, location: 2F
1-2: Foul Ball, location: 2F
1-2: Foul Ball, location: 2F
1-2: Ground out 5-3 (Groundball, 56)
Batting: RHB Gleyber Torres 0-0: Called Strike
0-1: Ball
1-1: Foul Ball, location: 2F
1-2: Strikes out looking
Top of the 5th over - 1 run, 1 hit, 0 errors, 0 left on base; Arizona 8 - Los Angeles 2
BOTTOM OF THE 5TH
Los Angeles Dodgers batting - Pitching for Arizona Diamondbacks : RHP German Marquez
Pinch Hitting: RHB Jonathan Schoop 0-0: Called Strike
0-1: Ball
1-1: Ball
2-1: Swinging Strike
2-2: Strikes out looking
Batting: RHB Jose Peraza 0-0: Called Strike
0-1: Ground out 5-3 (Groundball, 56S)
Batting: RHB Mookie Betts 0-0: SINGLE (Groundball, 56D)
Batting: RHB Josh Donaldson 0-0: Fly out, F8 (Line Drive, 8LD)
Bottom of the 5th over - 0 runs, 1 hit, 0 errors, 1 left on base; Arizona 8 - Los Angeles 2
TOP OF THE 6TH
Arizona Diamondbacks batting - Pitching for Los Angeles Dodgers : RHP Sonny Gray
Pitching: LHP Sam Freeman
Pinch Hitting: RHB Monte Harrison 0-0: Called Strike
0-1: Ball
1-1: Ball
2-1: Foul Ball, location: 2F
2-2: Ball
3-2: SINGLE (Groundball, 56D)
Batting: LHB Tyler Wade 0-0: Ball
1-0: Foul Ball, location: 2F
1-1: Foul Ball, location: 2F
1-2: Fly out, F8 (Flyball, 8LS)
Batting: LHB Raimel Tapia 0-0: Called Strike
0-1: Ball
1-1: Foul Ball, location: 2F
1-2: SINGLE (Groundball, 34D)
Monte Harrison to second
Runner from 2nd tries for 3rd, SAFE, throw by RF made to third
Batting: LHB Josh Reddick 0-0: SINGLE (Groundball, 56D)
Monte Harrison scores
Raimel Tapia to second
Batting: RHB Christian Walker 0-0: Swinging Strike
0-1: Swinging Strike
0-2: Foul Ball, location: 2F
0-2: Ball
1-2: Strikes out swinging
Batting: LHB Ryan McMahon 0-0: Ball
1-0: Swinging Strike
1-1: Foul Ball, location: 2F
1-2: Ball
2-2: Ball
3-2: Ground out U3 (Groundball, 3S)
Top of the 6th over - 1 run, 3 hits, 0 errors, 2 left on base; Arizona 9 - Los Angeles 2
BOTTOM OF THE 6TH
Los Angeles Dodgers batting - Pitching for Arizona Diamondbacks : RHP German Marquez
Pitching: RHP Zach Petrick
Batting: LHB Ichiro Suzuki 0-0: Called Strike
0-1: Called Strike
0-2: Strikes out swinging
Batting: RHB Evan Gattis 0-0: SINGLE (Line Drive, 3D)
Batting: RHB David Freese 0-0: Foul Ball, location: 2F
0-1: Foul Ball, location: 2F
0-2: Ball
1-2: SINGLE (Flyball, 89S)
Evan Gattis to second
Runner from 2nd tries for 3rd, SAFE, throw by RF made to third
Batting: LHB Franchy Cordero 0-0: Ball
1-0: Ball
2-0: Fly out, F8 (Flyball, 78D)
Runner from 3rd tags up, SCORES, throw by CF
Batting: SHB Wilmer Difo 0-0: Ball
1-0: Ball
2-0: Fly out, F8 (Flyball, 78D)
Bottom of the 6th over - 1 run, 2 hits, 0 errors, 1 left on base; Arizona 9 - Los Angeles 3
TOP OF THE 7TH
Arizona Diamondbacks batting - Pitching for Los Angeles Dodgers : LHP Sam Freeman
Batting: RHB Tim Beckham 0-0: SINGLE (Flyball, 78M)
Batting: SHB Francisco Mejia 0-0: Ball
1-0: Ball
2-0: Foul Ball, location: 2F
2-1: Ball
3-1: Base on Balls
Tim Beckham to second
Pitching: RHP Scott Oberg
Batting: RHB Gleyber Torres 0-0: Called Strike
0-1: Fielders Choice at 2nd, 1-6 (Groundball, 23)
Tim Beckham to third
Pinch Hitting: LHB Isan Diaz 0-0: Ball
1-0: Ball
2-0: Ball
3-0: Base on Balls
Gleyber Torres to second
Batting: LHB Tyler Wade 0-0: Ball
1-0: Ball
2-0: Ball
3-0: Base on Balls
Tim Beckham scores
Gleyber Torres to third
Isan Diaz to second
Batting: LHB Raimel Tapia 0-0: Ball
1-0: Ball
2-0: Called Strike
2-1: Swinging Strike
2-2: Ball
3-2: SINGLE (Groundball, 4D)
Gleyber Torres scores
Isan Diaz to third
Tyler Wade to second
Batting: LHB Josh Reddick 0-0: Foul Ball, location: 2F
0-1: Foul Ball, location: 2F
0-2: Ball
1-2: Foul Ball, location: 2F
1-2: Ball
2-2: Fly out, F8 (Flyball, 8RS)
Batting: RHB Christian Walker 0-0: SINGLE (Groundball, 56D)
Isan Diaz scores
Tyler Wade to third
Raimel Tapia to second
Runner from 3rd tries for Home, SAFE, throw by LF to home
Batting: LHB Ryan McMahon 0-0: Fly out, F7 (Flyball, 78S)
Top of the 7th over - 4 runs, 3 hits, 0 errors, 2 left on base; Arizona 13 - Los Angeles 3
BOTTOM OF THE 7TH
Los Angeles Dodgers batting - Pitching for Arizona Diamondbacks : RHP Zach Petrick
Pitching: LHP Joe Thatcher
Pinch Hitting: LHB Brian Goodwin 0-0: Called Strike
0-1: Fly out, F8 (Flyball, 8LM)
Pinch Hitting: SHB Justin Smoak 0-0: Ball
1-0: Ball
2-0: Called Strike
2-1: Called Strike
2-2: Ball
3-2: Fly out, F7 (Flyball, 7LMF)
Batting: RHB Mookie Betts 0-0: Fly out, F8 (Line Drive, 8LD)
Bottom of the 7th over - 0 runs, 0 hits, 0 errors, 0 left on base; Arizona 13 - Los Angeles 3
TOP OF THE 8TH
Arizona Diamondbacks batting - Pitching for Los Angeles Dodgers : RHP Scott Oberg
Pitching: RHP Jacob Barnes
Now at SS: Tony Wolters
Batting: RHB Tim Beckham 0-0: Called Strike
0-1: Called Strike
0-2: Foul Ball, location: 2F
0-2: Foul Ball, location: 2F
0-2: Strikes out looking
Batting: SHB Francisco Mejia 0-0: Called Strike
0-1: Ball
1-1: Swinging Strike
1-2: Foul Ball, location: 2F
1-2: Fly out, F4 (Popup, 13)
Batting: RHB Gleyber Torres 0-0: Called Strike
0-1: Swinging Strike
0-2: DOUBLE (Line Drive, 7LD)
Batting: LHB Joe Thatcher 0-0: Called Strike
0-1: Called Strike
0-2: Foul Ball, location: 2F
0-2: Strikes out swinging
Top of the 8th over - 0 runs, 1 hit, 0 errors, 1 left on base; Arizona 13 - Los Angeles 3
BOTTOM OF THE 8TH
Los Angeles Dodgers batting - Pitching for Arizona Diamondbacks : LHP Joe Thatcher
Batting: RHB Josh Donaldson 0-0: Ball
1-0: Ball
2-0: Foul Ball, location: 2F
2-1: Ball
3-1: Foul Ball, location: 2F
3-2: DOUBLE (Flyball, 89D)
Batting: LHB Ichiro Suzuki 0-0: Ball
1-0: Ball
2-0: Foul Ball, location: 2F
2-1: Ground out 4-3 (Groundball, 4)
Josh Donaldson to third
Batting: RHB Evan Gattis 0-0: Foul Ball, location: 2F
0-1: Ball
1-1: Foul Ball, location: 2F
1-2: Ball
2-2: Strikes out swinging
Batting: RHB David Freese 0-0: Called Strike
0-1: Ground out 1-3 (Groundball, 13S)
Bottom of the 8th over - 0 runs, 1 hit, 0 errors, 1 left on base; Arizona 13 - Los Angeles 3
TOP OF THE 9TH
Arizona Diamondbacks batting - Pitching for Los Angeles Dodgers : RHP Jacob Barnes
Batting: LHB Tyler Wade 0-0: Swinging Strike
0-1: Ball
1-1: Swinging Strike
1-2: Strikes out looking
Pinch Hitting: LHB Alex Verdugo 0-0: Ball
1-0: SINGLE (Flyball, 8LS)
Batting: LHB Josh Reddick 0-0: Ball
1-0: Ball
2-0: Foul Ball, location: 2F
2-1: SINGLE (Groundball, 4MD)
Alex Verdugo to second
Batting: RHB Christian Walker 0-0: Ball
1-0: Called Strike
1-1: Ball
2-1: SINGLE (Groundball, 6MD)
Alex Verdugo to third
Josh Reddick to second
Runner from 3rd tries for Home, SAFE, throw by CF to home
Pitching: RHP Phil Maton
Batting: LHB Ryan McMahon 0-0: Ball
1-0: Foul Ball, location: 2F
1-1: Grounds into double play, 4-6-3 (Groundball, 4)
Top of the 9th over - 1 run, 3 hits, 0 errors, 1 left on base; Arizona 14 - Los Angeles 3
BOTTOM OF THE 9TH
Los Angeles Dodgers batting - Pitching for Arizona Diamondbacks : LHP Joe Thatcher
Pitching: RHP Jairo Diaz
Now in CF: Alex Verdugo
Batting: LHB Franchy Cordero 0-0: Foul Ball, location: 2F
0-1: Called Strike
0-2: Foul Ball, location: 2F
0-2: SINGLE (Line Drive, 9LS)
Batting: SHB Wilmer Difo 0-0: Foul Ball, location: 2F
0-1: Foul Ball, location: 2F
0-2: Fielders Choice at 2nd, 3-6 (Groundball, 3S)
Batting: RHB Phil Maton 0-0: Hit by Pitch
Wilmer Difo to second
Batting: LHB Tony Wolters 0-0: Called Strike
0-1: Ball
1-1: Ball
2-1: Ball
3-1: Foul Ball, location: 2F
3-2: Strikes out swinging
Batting: RHB Mookie Betts 0-0: Ball
1-0: Ball
2-0: Ball
3-0: Called Strike
3-1: Foul Ball, location: 2F
3-2: Fly out, F6 (Popup, 6M)
Bottom of the 9th over - 0 runs, 1 hit, 0 errors, 2 left on base; Arizona 14 - Los Angeles 3
Friday, November 9th, 2018 - OOTP Baseball 19.9 Build 114